 Dungeon Crawl Stone Soup version 0.19-a0-1049-g462a813 (webtiles) character file.

1089 Jmtri7 the Prestidigitator (level 8, -2/55 HPs)
             Began as a Formicid Artificer on July 31, 2016.
             Killed themself with a bounced bolt of lightning (25 damage)
             ... on level 15 of the Dungeon.
             The game lasted 00:05:57 (246 turns).

Jmtri7 the Prestidigitator (Formicid Artificer)      Turns: 246, Time: 00:05:57

Health: -2/55      AC:  3    Str: 17    XL:     8   Next: 56%
Magic:  14/15      EV: 12    Int: 11    God:
Gold:   9          SH:  0    Dex: 13    Spells: 0 memorised, 7 levels left

rFire  . . .     SeeInvis +     a - +0 short sword
rCold  . . .     Gourm    .     b - +0 leather armour
rNeg   . . .     Faith    .     (no shield)
rPois  .         Spirit   .     (helmet unavailable)
rElec  .         Dismiss  .     (no cloak)
rCorr  .         Reflect  .     (no gloves)
SustAt .         Harm     .     (no boots)
MR     .....                    (no amulet)
Stlth  ++........               (no ring)
                                (no ring)

@: not resistant to hostile enchantments, unstealthy
A: permanent stasis, dig shafts and tunnels, four strong arms, antennae 3
a: Dig, Shaft Self


You were on level 15 of the Dungeon.
You were hungry.

You visited 1 branch of the dungeon, and saw 8 of its levels.

You collected 9 gold pieces.

Inventory:

Hand Weapons
 a - a +0 short sword (weapon)
Armour
 b - a +0 leather armour (worn)
Wands
 c - a wand of flame (1/48)
 d - a wand of enslavement (0/24)
 e - a wand of random effects (15/48)
 g - a wand of lightning (7/15)
Comestibles
 f - a bread ration


   Skills:
 - Level 1.7 Fighting
 - Level 1.4 Short Blades
 - Level 2.4 Dodging
 - Level 1.5 Stealth
 + Level 10.4 Evocations


You had 7 spell levels left.
You didn't know any spells.

Dungeon Overview and Level Annotations

Branches:
Dungeon (1/15)

Altars:

Shops:
D:13 }

Annotations:
D:13 strifetoe's ghost, adept GrFi


Innate Abilities, Weirdness & Mutations

You are under a permanent stasis effect.
You can dig through walls and to a lower floor.
Your four strong arms can wield two-handed weapons with a shield.
You have a pair of large antennae on your head. (SInv)


Message History

Press: ? - help, Shift-Dir - straight line, f/p - Jmtri7's ghost
Aim: Jmtri7's ghost (severely damaged)
The puff of flame hits Jmtri7's ghost.
Jmtri7's ghost is almost destroyed.
This wand has 2 charges left.
The tengu conjurer gestures wildly while chanting.
The tengu conjurer blinks!
Jmtri7's ghost hits you.
Zapping:
c - a wand of flame (2/48)
Press: ? - help, Shift-Dir - straight line, f/p - Jmtri7's ghost
Aim: Jmtri7's ghost (almost destroyed)
The puff of flame hits Jmtri7's ghost.
You destroy Jmtri7's ghost!
This wand has 1 charge left.
The tengu conjurer misses you. The tengu conjurer closely misses you.
The tengu conjurer barely misses you.
Zapping:
g - a wand of lightning {zapped: 3} (will waste charges)
Press: ? - help, Shift-Dir - straight line That beam is likely to hit you.
Continue anyway?
You hear a mighty clap of thunder!
The bolt of lightning hits you!
You die...

..............................
...............c..............
...............W......{.G.....
.....................u.......
.............{.###.....l...#
...............# #{..u.Ju..#
###########....# #.{{...J..#
#....###{{{......#
#....#@#{{{(.....#
#....#Q#{{.......#
#######(##.####### ##*.#(#
###.## ###


You could see a tengu conjurer and a battlesphere.

Vanquished Creatures
  A centaur skeleton (D:15)
  The ghost of Jmtri7 the Charlatan, an amateur FoAr (D:15)
  A wyvern zombie (D:15)
3 creatures vanquished.

Vanquished Creatures (collateral kills)
  A wizard (D:15)
  3 ugly things
  2 slime creatures (D:15)
  A steam dragon (D:13)
  2 hounds (D:13)
  The ghost of Jmtri7 the Charlatan, a weakling FoAr (D:15)
10 creatures vanquished.

Vanquished Creatures (others)
  A komodo dragon (shapeshifter) (D:15)
1 creature vanquished.

Grand Total: 14 creatures vanquished

Notes
Turn   | Place    | Note
-------+----------+-------------------------------------------
     0 | D:1      | Jmtri7 the Formicid Artificer began the quest for the Orb.
     0 | D:1      | Reached XP level 1. HP: 15/15 MP: 3/3
     3 | D:1      | You fall through a shaft!
     6 | D:2      | You fall through a shaft for 2 floors!
     9 | D:4      | You fall through a shaft for 2 floors!
    12 | D:6      | You fall through a shaft for 3 floors!
    15 | D:9      | You fall through a shaft!
    15 | D:10     | Entered Level 10 of the Dungeon
    15 | D:10     | Noticed a yak
    15 | D:10     | Noticed a yak
    18 | D:10     | Noticed a yak
    18 | D:10     | You fall through a shaft for 3 floors!
    26 | D:13     | Found Waotteik's Gadget Shoppe.
    29 | D:13     | Noticed a steam dragon
    29 | D:13     | Noticed a green ugly thing
    33 | D:13     | Noticed a hound
    36 | D:13     | Noticed a komodo dragon
    36 | D:13     | Killed a steam dragon
    36 | D:13     | Reached skill level 4 in Evocations
    36 | D:13     | Reached XP level 2. HP: 21/21 MP: 5/5
    36 | D:13     | Reached XP level 3. HP: 26/26 MP: 6/6
    36 | D:13     | Reached XP level 4. HP: 32/32 MP: 7/7
    48 | D:13     | Killed a green ugly thing
    48 | D:13     | Reached skill level 5 in Evocations
    48 | D:13     | Reached XP level 5. HP: 38/38 MP: 7/9
    66 | D:13     | Noticed strifetoe's ghost (adept GrFi)
    66 | D:13     | You fall through a shaft for 2 floors!
    66 | D:15     | Entered Level 15 of the Dungeon
    68 | D:15     | Noticed Jmtri7's ghost (weakling FoAr)
    75 | D:15     | Noticed a wizard
    84 | D:15     | Killed a wizard
    84 | D:15     | Reached skill level 7 in Evocations
    84 | D:15     | Reached XP level 6. HP: 42/44 MP: 9/11
    84 | D:15     | Reached XP level 7. HP: 47/49 MP: 9/12
    94 | D:15     | Killed Jmtri7's ghost
   116 | D:15     | Reached skill level 8 in Evocations
   213 | D:15     | Noticed a white ugly thing
   215 | D:15     | Noticed a purple ugly thing
   217 | D:15     | Noticed a slime creature
   223 | D:15     | Killed a purple ugly thing
   223 | D:15     | Reached skill level 9 in Evocations
   223 | D:15     | Reached XP level 8. HP: 55/55 MP: 13/15
   226 | D:15     | Noticed a slime creature
   226 | D:15     | Noticed a brown ugly thing
   226 | D:15     | Killed a slime creature
   227 | D:15     | Noticed Jmtri7's ghost (amateur FoAr)
   234 | D:15     | Killed a slime creature
   234 | D:15     | Reached skill level 10 in Evocations
   236 | D:15     | Noticed a tengu conjurer
   237 | D:15     | Noticed a slime creature
   237 | D:15     | Noticed a hornet
   237 | D:15     | Noticed a white ugly thing
   237 | D:15     | Noticed a tengu conjurer
   238 | D:15     | Noticed a slime creature
   238 | D:15     | Noticed a white ugly thing
   238 | D:15     | Killed a white ugly thing
   245 | D:15     | Killed Jmtri7's ghost
   246 | D:15     | Killed themself with a bounced bolt of lightning

Vault maps used:
D:1:      saegor_arrival_miasma, minmay_misc_feat_encased
D:2:      grunt_temple_overflow_forces_of_nature, grunt_temple_overflow_open,
          kennysheep_okawaru_gauntlet, nicolae_ru_the_path_less_chosen, tgw_xom
D:4:      minmay_door_path
D:6:      hangedman_abyss_or_decor_stabs, trog_three_pillars_becter
D:9:      minitemple
D:10:     wad_crossroads, the_bakery, uniq_harold
D:13:     serial_shops, shop, kennysheep_mini_moat, nicolae_shop_waterfront,
          nicolae_shop_trees, minmay_unpleasant_kobolds
D:15:     gammafunk_enter_depths_forms, hangedman_decor_riveting

Skill      XL: |  1  2  3  4  5  6  7  8 |
---------------+-------------------------+-----
Dodging        | 2 |  2.4
Evocations     | 4 5 7 9 10 | 10.4
Fighting       | |  1.7
Short Blades   | |  1.4
Stealth        | |  1.5

Action                   |  1- 3 |  4- 6 |  7- 9 || total
-------------------------+-------+-------+-------++-------
Melee: Short sword       |       |       |    31 ||    31
 Abil: Shaft Self        |     6 |     1 |       ||     7
       Dig               |       |       |     1 ||     1
Evoke: Wand              |     2 |     8 |    20 ||    30
  Use: Potion            |       |       |     1 ||     1
Armor: Leather armour    |       |       |     7 ||     7
Dodge: Dodged            |     1 |     5 |    27 ||    33
